Map: Deathaura LE

Players

FeEbLeNFraiL

  • Race: Protoss Protoss
  • League: Master
  • Spawn Location: 11:00

OiLTowN - Winner!

  • Race: Zerg Zerg
  • League: Master
  • Spawn Location: 5:00

VOD

Have the link to the VOD?

Description

Time

  • Played on: Aug. 24, 2020, 8:40 p.m.
  • Length: 8:50
Show
View Real Time Build Order
Export as new Build Order

FeEbLeNFraiL Protoss 

Build Orders:  

Get SALT Encoding   

  12  0:01  Probe  
  13  0:13  Probe  
  14  0:19  Pylon  
  14  0:25  Probe (Chrono Boost)  
  15  0:38  Forge  
  15  0:39  Probe (Chrono Boost)  
  16  0:44  Probe (Chrono Boost)  
  17  1:03  Pylon  
  17  1:05  Pylon  
  17  1:09  Pylon  
  17  1:18  Pylon  
  16  1:19  Pylon  
  16  1:27  Pylon  
  16  1:28  Pylon  
  16  1:29  Pylon  
  16  1:31  Pylon  
  16  1:32  Pylon  
  16  1:34  Probe  
  17  1:46  Photon Cannon  
  17  2:02  Probe  
  17  2:03  Gateway  
  18  2:11  Pylon  
  18  2:12  Assimilator  
  18  2:27  Photon Cannon  
  18  2:29  Probe  
  18  2:39  Photon Cannon  
  17  2:47  Probe  
  17  2:51  Zealot (Chrono Boost), Cybernetics Core  
  20  2:59  Probe  
  21  3:28  Nexus  
  21  3:31  Warp Gate  
  21  3:37  Assimilator  
  21  3:40  Probe (Chrono Boost)  
  23  3:50  Probe (Chrono Boost)  
  23  3:54  Probe (Chrono Boost)  
  23  4:02  Stargate  
  24  4:07  Probe  
  24  4:09  Pylon  
  25  4:19  Probe  
  25  4:21  Zealot  
  28  4:31  Probe  
  29  4:41  Gateway  
  29  4:42  Probe  
  29  4:43  Probe  
  29  4:45  Phoenix (Chrono Boost)  
  31  5:03  Twilight Council  
  31  5:11  Protoss Ground Weapons Level 1  
  31  5:15  Pylon  
  31  5:17  Pylon  
  31  5:20  Adept  
  24  5:38  Adept  
  24  5:39  Adept, Pylon  
  24  5:41  Pylon  
  24  5:44  Adept  
  19  5:59  Probe x2 (Chrono Boost)  
  14  6:08  Probe x2 (Chrono Boost)  
  16  6:27  Pylon  
  16  6:30  Probe (Chrono Boost)  
  18  6:34  Probe (Chrono Boost)  
  19  6:40  Probe (Chrono Boost)  
  19  6:44  Probe (Chrono Boost), Charge (Chrono Boost)  
  20  6:59  Robotics Facility  
  20  7:02  Probe  
  20  7:05  Probe  
  22  7:16  Probe (Chrono Boost)  
  22  7:19  Probe (Chrono Boost)  
  24  7:22  Gateway  
  24  7:28  Probe (Chrono Boost)  
  26  7:34  Probe (Chrono Boost)  
  26  7:36  Gateway  
  26  7:46  Gateway  
  26  7:52  Gateway  
  26  7:56  Probe x2  
  28  8:03  Gateway  
  28  8:13  Warp Prism (Chrono Boost)  
  28  8:16  Probe  
  28  8:19  Probe  
  32  8:24  Zealot  
  34  8:33  Zealot x2  
  38  8:35  Zealot  
  40  8:44  Pylon  
Show
View Real Time Build Order
Export as new Build Order

OiLTowN Zerg - Winner!

Build Orders: Hatch First 

Get SALT Encoding   

  12  0:00  Drone  
  13  0:12  Overlord  
  13  0:16  Drone  
  14  0:30  Drone x2  
  16  0:47  Hatchery  
  15  0:51  Drone  
  15  0:54  Drone  
  17  0:57  Drone  
  18  1:11  Drone  
  19  1:25  Spawning Pool  
  18  1:38  Drone x2  
  20  2:04  Drone x2  
  20  2:06  Extractor  
  20  2:07  Drone  
  20  2:08  Drone  
  23  2:15  Zergling x2  
  24  2:33  Queen  
  26  2:39  Queen  
  28  2:45  Overlord  
  28  3:06  Drone  
  28  3:07  Drone  
  30  3:13  Drone  
  30  3:17  Drone x3  
  34  3:25  Overlord  
  34  3:34  Metabolic Boost  
  34  3:39  Queen  
  36  3:41  Hatchery  
  36  3:43  Drone  
  36  3:50  Overlord  
  36  3:51  Drone  
  36  3:52  Drone x2  
  39  3:59  Drone  
  40  4:03  Zergling x6  
  40  4:09  Queen  
  45  4:19  Zergling x2  
  45  4:20  Zergling x6  
  49  4:25  Zergling x2  
  50  4:35  Overlord  
  50  4:46  Zergling x4  
  50  4:52  Spore Crawler  
  51  4:53  Spore Crawler  
  51  4:54  Queen  
  51  4:56  Drone x3  
  51  4:57  Drone x2  
  51  4:58  Lair  
  57  5:02  Overlord  
  57  5:03  Drone  
  57  5:09  Drone x4  
  60  5:15  Drone x2  
  60  5:18  Spore Crawler  
  60  5:22  Extractor, Overlord x2  
  60  5:24  Drone  
  59  5:35  Drone  
  60  5:36  Drone x5  
  60  5:39  Overlord x2  
  65  5:43  Extractor  
  65  5:46  Roach Warren  
  65  5:48  Drone  
  63  5:50  Extractor  
  63  5:51  Drone x2  
  63  5:56  Drone  
  63  5:57  Drone x2  
  64  6:00  Drone x2  
  63  6:15  Overlord x2  
  63  6:16  Drone  
  63  6:17  Drone x6  
  70  6:24  Drone x2  
  72  6:28  Extractor  
  72  6:30  Overlord x2  
  72  6:31  Glial Reconstitution, Hatchery  
  70  6:33  Overseer  
  70  6:34  Pneumatized Carapace  
  70  6:40  Roach  
  70  6:41  Roach x2  
  76  6:50  Roach  
  76  6:51  Roach x5  
  88  7:05  Drone x3  
  88  7:06  Hydralisk Den  
  90  7:08  Overlord x2  
  90  7:09  Roach  
  90  7:10  Roach  
  90  7:15  Ravager x4  
  98  7:16  Ravager  
  100  7:22  Drone  
  100  7:23  Extractor, Drone x3  
  100  7:25  Drone  
  100  7:26  Drone x5  
  108  7:35  Roach x2  
  112  7:42  Overlord x3  
  112  7:43  Roach x2  
  112  7:44  Roach, Queen  
  118  7:45  Evolution Chamber  
  118  7:47  Roach  
  121  7:52  Roach x6  
  121  7:53  Roach  
  135  8:00  Roach  
  135  8:01  Roach x3  
  135  8:04  Ravager x2  
  135  8:05  Ravager  
  146  8:08  Roach x4  
  154  8:17  Zergling x12  
  154  8:18  Zergling x2  
  161  8:25  Overlord x3, Spore Crawler  
  161  8:27  Drone x3  
  162  8:31  Drone  
  164  8:36  Drone  
  164  8:37  Drone x4  
  164  8:39  Extractor  
  164  8:40  Extractor  
  167  8:45  Spire  
Tags
 
Add a new tag
Caveats
  • Supply blocks, unpowered buildings, or Contaminate may cause inaccurate times.
  • Supply counts are checked every 10 seconds.